 Dungeon Crawl Stone Soup version 0.29.1-12-g30fa7ad0bf (webtiles) character file.

Game seed: 15723659378417555520

271 Eitelfritz the Slasher (level 6, -2/52 HPs)
             Began as a Minotaur Gladiator on Jan 13, 2023.
             Slain by an ogre
             ... wielding a +0 giant spiked club
              (17 damage)
             ... on level 4 of the Dungeon.
             The game lasted 00:05:58 (4024 turns).

Eitelfritz the Slasher (Minotaur Gladiator)         Turns: 4024, Time: 00:05:58

Health: -2/52      AC: 10    Str: 19    XL:     6   Next: 2%
Magic:  5/5        EV: 12    Int: 13    God:
Gold:   216        SH:  0    Dex: 11    Spells: 5/5 levels left

rFire   . . .      SeeInvis .   a - +0 long sword
rCold   . . .      Faith    .   (no shield)
rNeg    . . .      Spirit   .   r - +5 leather armour of the Game of Life {Int+6}
rPois   .          Reflect  .   c - +0 hat
rElec   .          Harm     .   f - +1 cloak {Will+}
rCorr   .          Rampage  .   (no gloves)
Will    +....                   (no boots)
Stlth   +.........              v - amulet of regeneration
HPRegen 0.97/turn               (no ring)
MPRegen 0.09/turn               (no ring)

@: no status effects
A: horns 2, retaliatory headbutt
a: no special abilities


You were on level 4 of the Dungeon.
You visited 1 branch of the dungeon, and saw 4 of its levels.

You collected 216 gold pieces.

Inventory:

Hand Weapons
 a - a +0 long sword (weapon)
 w - a +0 flail
Missiles
 d - 3 throwing nets (quivered)
 e - a javelin
 h - 42 stones
Armour
 c - a +0 hat (worn)
 f - a +1 cloak of willpower (worn)
 r - the +5 leather armour of the Game of Life (worn) {Int+6}
   (You found it on level 3 of the Dungeon)

   Int:       It affects your intelligence (+6).
Jewellery
 v - an amulet of regeneration (around neck)
Wands
 o - a wand of flame (21)
Scrolls
 n - a scroll of immolation {unknown}
 u - a scroll of blinking {unknown}
Potions
 b - 3 potions of brilliance
 i - 3 potions of haste
 k - a potion of berserk rage {unknown}
 l - a potion of lignification {unknown}
 m - 3 potions of might
 p - 4 potions of heal wounds
 q - a potion of curing {unknown}
 s - a potion of ambrosia {unknown}
 t - a potion of attraction {unknown}


   Skills:
 + Level 4.0 Fighting
 + Level 5.8 Long Blades
 + Level 2.0 Throwing
 + Level 2.8 Armour
 + Level 4.2 Dodging
 + Level 1.1 Stealth


You had 5 spell levels left.
You didn't know any spells.
Your spell library contained the following spells:

 Spells                   Type           Power      Damage    Failure   Level
 Petrify                  Tmut/Erth      0%         N/A       98%         4
 Metabolic Englaciation   Hex/Ice        0%         N/A       100%        5
 Statue Form              Tmut/Erth      0%         N/A       100%        6


Dungeon Overview and Level Annotations

Branches:
Dungeon (4/15)
 Temple: D:4-7

Altars:
Okawaru
Qazlal
Ru
Xom

Annotations:
D:4 1 runed translucent door, Mercurial's ghost, novice HOBe


Innate Abilities, Weirdness & Mutations

You have a pair of horns on your head.
You reflexively headbutt those who attack you in melee.


Message History

Found a scroll labelled LOGUH AWKEONLA.
There is a stone staircase leading up here.
An iguana comes into view.
Mercurial's ghost whispers, "You will understand me better in a moment."
The iguana hisses angrily.
The iguana barely misses you.
You completely miss the iguana.
The iguana bites you but does no damage.
You closely miss the iguana. The iguana closely misses you.
You furiously retaliate!
You headbutt the iguana! You hit the iguana.
You kill the iguana!
Your Fighting skill increases to level 4!
You have reached level 6!
Found 4 stones.
There is a shaft here.
Found a stormy altar of Qazlal.
h - 36 stones (gained 4)
You pick up a book of Sloth and begin reading...
You add the spells Petrify, Metabolic Englaciation and Statue Form to your library.
h - 42 stones (gained 6)
There is a shaft here.
There is a shaft here.
There is a shaft here.
Found a runed translucent door.
An ogre comes into view. It is wielding a +0 giant spiked club.
The helpless ogre fails to defend itself.
You slash the ogre!
The ogre is moderately wounded.
The ogre hits you with a +0 giant spiked club!
You hit the ogre.
The ogre is heavily wounded.
The ogre hits you with a +0 giant spiked club!!
* * * LOW HITPOINT WARNING * * *
You hit the ogre. Your headbutt misses the ogre.
The ogre is heavily wounded.
You barely miss the ogre.
The ogre is heavily wounded.
The ogre hits you with a +0 giant spiked club!
You die...

#...........
#............
#.........#+#
#........##.#
#.......##...##...##
#......##.....##...
#..O...#W.!♣?.⌠#..#
#...@..##.....##..##.
########...##...##......
#...........##⌠##.....#
#............###....###
#....................<#
#................######
#.......#####...##
#........####..##
#...§≈≈..≈§§...#


You could see an ogre and Mercurial's ghost.

Vanquished Creatures
  An orc priest (D:3)
  Crazy Yiuf (D:3)
  Jessica (D:2)
  An iguana (D:4)
  An orc wizard (D:3)
  5 adders
  3 worms
  8 orcs (D:3)
  7 endoplasms
  A giant cockroach (D:1)
  3 goblins
  7 hobgoblins
  4 jackals (D:1)
  7 kobolds
  4 quokkas
  7 ball pythons
  7 bats
  5 frilled lizards
  7 rats
80 creatures vanquished.

Notes
Turn   | Place    | Note
-------+----------+-------------------------------------------
     0 | D:1      | Eitelfritz the Minotaur Gladiator began the quest for the
                  | Orb.
     0 | D:1      | Reached XP level 1. HP: 18/18 MP: 0/0
   267 | D:1      | Reached XP level 2. HP: 25/25 MP: 1/1
   421 | D:1      | Reached skill level 4 in Long Blades
   661 | D:1      | Found a faded altar of an unknown god.
  1727 | D:2      | Reached XP level 3. HP: 17/30 MP: 2/2
  1890 | D:2      | Found a sacrificial altar of Ru.
  1890 | D:2      | Noticed Jessica
  1901 | D:2      | Killed Jessica
  1902 | D:2      | Reached skill level 1 in Armour
  1915 | D:2      | Reached XP level 4. HP: 17/38 MP: 3/3
  2478 | D:2      | You fall into a shaft and drop 2 floors!
  2557 | D:3      | Identified the +5 leather armour of the Game of Life
                  | {Int+6}
  3217 | D:3      | Found a shimmering altar of Xom.
  3279 | D:3      | Found a sacrificial altar of Ru.
  3292 | D:3      | Reached skill level 5 in Long Blades
  3301 | D:3      | Reached skill level 1 in Stealth
  3301 | D:3      | Reached XP level 5. HP: 15/46 MP: 4/4
  3495 | D:3      | Found an iron altar of Okawaru.
  3635 | D:3      | Found a runed translucent door.
  3636 | D:3      | Noticed Crazy Yiuf
  3873 | D:3      | Killed Crazy Yiuf
  3960 | D:4      | Noticed Mercurial's ghost (novice HOBe)
  3968 | D:4      | Reached XP level 6. HP: 52/52 MP: 5/5
  3975 | D:4      | Found a stormy altar of Qazlal.
  4018 | D:4      | Found a runed translucent door.
  4024 | D:4      | Slain by an ogre

Illustrated notes

Levels and vault maps discovered:
D:1:      nzn_arrival_water_spiral, layout_basic, serial_co_window_serial,
          co_window_cross_1, co_window_cross_1, co_window_of_opportunity_a,
          co_window_paths_a, co_window_paths_b, co_window_corner_b,
          co_window_of_opportunity_b, co_window_unsneaky_path_c,
          co_window_broadway_b, co_window_broadway_b, co_window_cross_2,
          co_window_paths_d, co_window_paths_e, glass_columns_a,
          glass_columns_a, glass_columns_b,
          chequers_ecumenical_altar_simple_redux
D:2:      minmay_door_path, layout_basic, basic_altar, uniq_jessica
D:3:      layout_loops_ring, lemuel_tele_altar, overflow_temple_1_default,
          nicolae_overflow_crystal_walls, minmay_cupped, uniq_crazy_yiuf_cottage
D:4:      layout_basic, grunt_qazlal_sundering, hellmonk_ghost_happy_afterlife,
          serial_shops, shop

Skill      XL: |  1  2  3  4  5 |
---------------+----------------+-----
Long Blades    | 4 5 |  5.8
Fighting       | 3 4 |  4.0
Armour         | 1 2 |  2.8
Dodging        | 4 |  4.2
Stealth        | 1 |  1.1
Throwing       | |  2.0

Action                   |  1- 3 |  4- 6 || total
-------------------------+-------+-------++-------
Melee: Long sword        |    80 |   126 ||   206
       Headbutt          |    11 |    15 ||    26
       Punch             |     1 |     1 ||     2
  Use: Scroll            |       |     5 ||     5
 Stab: Sleeping          |       |     2 ||     2
Armor: Leather armour    |    21 |    46 ||    67
       Chain mail        |    18 |    16 ||    34
Dodge: Dodged            |    51 |    88 ||   139
